AoeStats
← Embege

Black Forest

510182755Analyzed
4v4 RM · 3d ago on Sep 29, 2026· 58m 31s· 8 players
Game mode
Random Map
Map size
Large (8 player)
Population
200
Speed
Normal
Resources
Standard
Victory
Conquest
Starting age
Dark Age
Ending age
Imperial Age
RankedLock teamsTeams togetherTeam positionsShared explorationLock speedFull tech treeHidden civsTurbo modeCheats
Victory
Defeat
🇧🇷 Bohemians · Brazil
1456
+17
🇪🇸 Persians · Spain
1443
+18
🇧🇷 Cumans · Brazil
1428
+19
🇦🇷 Bengalis · Argentina
1416
+19
🇨🇦 Varangians · Canada
1575
-22
🇨🇱 Maya · Chile
1499
-19
🇮🇩 Malians · Indonesia
1437
-16
🇮🇩 Japanese · Indonesia
1427
-16
Sergio
12:40 Feudal Age
13:49 Double-Bit Axe
16:08 Castle Age
15:09 Fishing Lines
16:35 Gillnets
18:33 Wheelbarrow
18:52 Bow Saw
25:17 Gold Mining
25:17 Stone Mining
25:46 Hand Cart
25:20 Loom
30:33 Imperial Age
27:58 Horse Collar
28:55 Stone Shaft Mining
28:35 Forging
28:30 Scale Barding Armor
29:47 Gold Shaft Mining
30:04 Iron Casting
31:21 Chain Barding Armor
30:26 Elite War Elephant
31:43 Conscription
31:39 Bloodlines
33:28 Blast Furnace
33:19 Town Watch
33:36 Heavy Plow
34:13 Plate Barding Armor
34:57 Crop Rotation
34:32 Caravan
36:24 Chemistry
38:58 Coinage
40:15 Devotion
43:40 Guilds
43:53 Scale Mail Armor
45:18 Fletching
44:51 Pikeman
45:31 Squires
45:16 Arson
46:35 Two-Man Saw
51:53 Bodkin Arrow
56:57 Elite Cannon Galleon
58:36 Masonry
58:47 Ballistics
Julio2
2:18 Loom
15:35 Feudal Age
19:34 Castle Age
17:36 Double-Bit Axe
22:49 Chemistry
31:55 Wheelbarrow
31:31 Bow Saw
31:04 Horse Collar
31:10 Fishing Lines
33:58 Hand Cart
33:45 Heavy Plow
34:32 Town Watch
40:22 Imperial Age
40:22 Imperial Age
37:54 Gillnets
40:23 Elite Hussite Wagon
41:25 Conscription
41:53 Wagenburg Tactics
44:03 Houfnice
47:12 Fletching
48:48 Bodkin Arrow
Fs.Emmanuel
10:38 Feudal Age
11:16 Double-Bit Axe
11:12 Horse Collar
13:28 Wheelbarrow
16:56 Gold Mining
22:17 Castle Age
20:56 Bloodlines
21:15 Scale Barding Armor
21:29 Forging
22:20 Capped Ram
24:44 Bow Saw
25:30 Chain Barding Armor
27:53 Loom
28:45 Scale Mail Armor
29:20 Iron Casting
39:06 Imperial Age
39:36 Heavy Plow
39:09 Cavalier
40:25 Plate Barding Armor
39:52 Siege Ram
42:08 Gold Shaft Mining
41:46 Paladin
43:44 Blast Furnace
45:01 Fletching
46:04 Bodkin Arrow
46:14 Light Cavalry
48:00 Two-Man Saw
47:33 Crop Rotation
47:19 Hand Cart
46:50 Town Watch
47:32 Padded Archer Armor
48:33 Chemistry
47:56 Ballistics
48:36 Chemistry
48:12 Steppe Husbandry
48:33 Conscription
49:55 Leather Archer Armor
50:46 Masonry
50:04 Elite Kipchak
50:38 Stone Mining
52:03 Ring Archer Armor
52:29 Conscription
51:38 Hussar
53:41 Parthian Tactics
54:00 Hoardings
55:36 Cuman Mercenaries
Skavio22
0:41 Loom
12:39 Feudal Age
16:52 Castle Age
14:39 Double-Bit Axe
16:11 Horse Collar
17:49 Bow Saw
17:39 Heavy Plow
23:58 Fishing Lines
25:10 Wheelbarrow
25:38 Gillnets
27:24 Gold Mining
27:37 Heavy Plow
27:30 Fletching
27:41 Padded Archer Armor
28:40 Hand Cart
32:43 Imperial Age
30:38 Fortified Wall
30:32 Bodkin Arrow
30:54 Leather Archer Armor
30:44 Scale Barding Armor
31:24 Ballistics
32:09 Gold Shaft Mining
31:25 Stone Mining
31:22 Town Watch
32:35 Paiks
33:14 Chain Barding Armor
33:24 Town Patrol
32:52 Elite Elephant Archer
34:58 Conscription
35:42 Two-Man Saw
35:20 Crop Rotation
35:17 Bracer
36:19 Caravan
39:29 Chemistry
41:16 Mahayana
42:34 Bloodlines
42:25 Husbandry
45:09 Plate Barding Armor
45:08 Ring Archer Armor
44:38 Light Cavalry
50:51 Siege Elephant
53:42 Forging
53:35 Scale Mail Armor
58:40 Iron Casting
JMDDN
9:48 Loom
11:43 Feudal Age
12:30 Double-Bit Axe
15:29 Castle Age
16:17 Wheelbarrow
16:29 Bow Saw
17:25 Fishing Lines
21:51 Gillnets
22:43 Horse Collar
25:07 Hand Cart
25:38 Heavy Plow
27:02 Bloodlines
26:52 Husbandry
27:09 Stone Mining
27:09 Gold Mining
30:10 Imperial Age
28:03 Town Watch
28:24 Scale Barding Armor
28:30 Forging
29:54 Ballistics
29:45 Masonry
30:31 Iron Casting
30:16 Chain Barding Armor
30:02 Treadmill Crane
30:18 Elite Jarl
31:19 Conscription
32:23 Blast Furnace
31:26 Scale Mail Armor
32:31 Blast Furnace
32:59 Guilds
33:58 Plate Barding Armor
34:25 Architecture
34:56 Chemistry
35:41 Two-Man Saw
34:38 Fletching
35:21 Fervor
38:00 Coinage
37:30 Caravan
37:41 Bodkin Arrow
37:45 Murder Holes
38:00 Fortified Wall
39:14 Theocracy
39:05 Illumination
40:55 Bracer
44:58 Town Patrol
El Choro Stifen
0:32 Loom
11:09 Feudal Age
12:31 Double-Bit Axe
15:02 Castle Age
15:15 Fletching
16:17 Bow Saw
21:10 Horse Collar
21:06 Crossbowman
21:42 Bodkin Arrow
21:48 Padded Archer Armor
26:55 Wheelbarrow
26:30 Fishing Lines
26:52 Town Watch
32:19 Imperial Age
30:57 Fortified Wall
30:28 Treadmill Crane
30:59 Masonry
30:53 Stone Mining
30:54 Gold Mining
31:58 Ballistics
31:33 Pikeman
35:58 Chemistry
35:22 Bracer
35:37 Heavy Plow
37:50 Elite Plumed Archer
38:51 Conscription
39:33 Architecture
41:24 Halberdier
42:51 Hand Cart
43:01 Scale Mail Armor
47:39 Squires
47:25 Arson
47:58 Chain Mail Armor
47:59 Leather Archer Armor
48:04 Murder Holes
48:34 Onager
49:27 Thumb Ring
49:51 Caravan
54:05 Elite Skirmisher
55:38 Plate Mail Armor
56:19 Hul'che Javelineers
VSPR | Valkyrie
0:57 Loom
12:04 Feudal Age
16:20 Castle Age
14:26 Double-Bit Axe
17:33 Bow Saw
22:09 Fishing Lines
23:27 Gillnets
25:04 Wheelbarrow
27:09 Guard Tower
27:41 Ballistics
30:45 Imperial Age
28:34 Hand Cart
28:05 Town Watch
28:26 Fletching
29:36 Bodkin Arrow
29:41 Padded Archer Armor
30:20 Masonry
31:27 Bracer
31:42 Leather Archer Armor
32:29 Chemistry
32:38 Keep
32:53 Yasama
33:15 Conscription
33:12 Town Patrol
33:07 Pikeman
33:51 Squires
33:36 Gambesons
33:37 Arson
33:45 Halberdier
35:17 Scale Mail Armor
35:27 Forging
37:14 Chain Mail Armor
37:34 Iron Casting
39:45 Plate Mail Armor
40:15 Blast Furnace
45:09 Horse Collar
46:10 Coinage
45:40 Caravan
47:47 Banking
Embege
1:09 Loom
15:08 Feudal Age
15:39 Man-at-Arms
17:57 Horse Collar
18:04 Double-Bit Axe
24:55 Castle Age
23:17 Gold Mining
28:55 Imperial Age
27:02 Bow Saw
26:55 Heavy Plow
30:50 Chemistry
43:03 Scale Mail Armor
43:28 Pikeman
44:09 Squires
43:54 Arson
44:21 Forging
44:26 Chain Mail Armor
44:52 Caravan
45:22 Coinage
45:02 Guilds
45:19 Chain Mail Armor
45:14 Forging
48:05 Wheelbarrow
48:04 Crop Rotation
50:44 Scale Barding Armor
50:50 Forging
52:04 Bloodlines
52:01 Husbandry
51:22 Light Cavalry
52:41 Chain Barding Armor
54:46 Plate Barding Armor
55:50 Iron Casting
56:22 Hand Cart
Connection lost

Rejoining the realm…

Still unreachable

The connection could not be restored.

Session expired

The server has moved on; the page needs a fresh start.